Cogmind - Beta 16 @@@ ROGUE MODE // 2025.10.30 @ 16:40:42 Player: Petvaria Result: Destroyed by as-66817 with Assembled Maul Performance ------------- Evolutions (0) 0 Regions Visited (4) 800 Robots Destroyed (44) 220 Value Destroyed (902) 902 Prototype IDs (23) 460 Alien Tech Used (0) 0 Bonus (400) 400 TOTAL SCORE: 2782 Bonus ------- Follower Combat Kills 100 Aligned with FarCom 300 Cogmind --------- Core Integrity 0/250 Matter 300/300 Energy 102/250 System Corruption 7% Temperature Warm (134) Movement Treading (240) Ox1 Location -9/Mines Parts ------- > --- POWER (1) -------- Ion Engine > --- PROPULSION (2) --- Light Treads > --- UTILITY (2) ------ Large Storage Unit Structural Scanner > --- WEAPON (2) ------- Particle Gun > --- INVENTORY (15) --- Light Treads Light Treads Light Treads Light Treads Light Treads Light Treads Medium Storage Unit Hacking Suite EM Pulse Gun Enhanced Flamer Peak State ------------ > --- POWER ------------ Light Angular Momentum Engine > --- PROPULSION ------- Light Treads Light Treads > --- UTILITY ---------- Large Storage Unit Structural Scanner > --- WEAPON ----------- AWS/Gauss > --- INVENTORY -------- Ion Engine Light Treads Light Treads Light Treads Light Treads Light Treads Light Treads Medium Storage Unit Hacking Suite EM Pulse Gun Medium Laser Particle Gun Enhanced Flamer [Rating: 26] Favorites ----------- Power Ion Engine Engine Ion Engine Propulsion Light Treads Treads Light Treads Utility Large Storage Unit Device Structural Scanner Storage Large Storage Unit Weapon Assault Rifle Energy Gun Medium Laser Ballistic Gun Assault Rifle Special Weapon Enhanced Flamer Build | -11 -10 -10 -10 -9 ------- Run | Yrd Mat Min Exi Min Slots Evolved . | . . . . . Power . | . . . . . Propulsion . | . . . . . Utility . | . . . . . Weapon . | . . . . . Parts Attached 24 | 6 10 6 1 1 Power 4 | 1 1 1 . 1 Engine 4 | 1 1 1 . 1 Core . | . . . . . Reactor . | . . . . . Propulsion 7 | 2 4 1 . . Treads 7 | 2 4 1 . . Leg . | . . . . . Wheel . | . . . . . Hover . | . . . . . Flight . | . . . . . Utility 5 | 1 3 1 . . Device 3 | . 2 1 . . Storage 2 | 1 1 . . . Processor . | . . . . . Hackware . | . . . . . Protection . | . . . . . Artifact . | . . . . . Weapon 8 | 2 2 3 1 . Energy Gun 3 | . 1 2 . . Energy Cannon . | . . . . . Ballistic Gun 4 | 2 1 . 1 . Ballistic Cannon . | . . . . . Launcher . | . . . . . Special Weapon 1 | . . 1 . . Impact Weapon . | . . . . . Slashing Weapon . | . . . . . Piercing Weapon . | . . . . . Special Melee Weapon . | . . . . . Unidentified Prototypes . | . . . . . Parts Lost 8 | . 2 3 . 3 Power 2 | . 1 . . 1 Propulsion 2 | . . 1 . 1 Utility 1 | . . 1 . . Weapon 3 | . 1 1 . 1 Highest Loss Streak 2 | . 2 1 . 2 To Critical Strikes . | . . . . . Average Backups 11 | 2 9 14 13 12 Power 1 | . 1 1 1 . Propulsion 6 | 1 5 6 6 6 Utility 1 | . . 2 2 2 Weapon 2 | . 1 3 4 3 Tool/Special . | . . . . . Unused Backups 13 | . 4 . . 9 Power 1 | . 1 . . . Propulsion 8 | . 2 . . 6 Utility 3 | . 1 . . 2 Weapon 1 | . . . . 1 Tool/Special . | . . . . . Average Slot Usage (%) 96 | . 98 99 77 83 Engine 13 | . 13 14 14 9 Treads 27 | . 28 27 28 26 Device 13 | . 12 13 14 14 Storage 14 | . 14 14 14 14 Energy Gun 7 | . 5 10 . 10 Ballistic Gun 18 | . 22 17 6 8 Peak Build Rating 26 | 6 8 13 26 26 Average Rating 9 | 4 7 9 17 17 On Entrance 10 | . 6 8 10 26 Avg Prop Armor Cover (%) . | . . . . . Naked Turns . | . . . . . Heaviest Build 40 | 14 30 34 40 40 Greatest Support 40 | 40 40 40 40 40 Greatest Overweight (x) . | . . . . . Average Overweight (x) . | . . . . . Largest Inventory Capacity 15 | 8 15 15 15 15 Average Capacity 13 | 7 11 15 15 15 Most Carried 15 | 5 15 15 15 13 Average Carried 12 | 3 9 14 13 12 Final Capacity 15 | 8 15 15 15 15 Final Carried 15 | 5 15 14 13 10 Class Distribution -------------------- 96% | Mutant 3% | Scavenger-Mutant Dominant Class ---------------- Mutant | -10/Materials Mutant | -10/Mines Mutant | -10/Exiles Mutant | -9/Mines Resources | -11 -10 -10 -10 -9 ----------- Run | Yrd Mat Min Exi Min Matter Collected 1333 | 203 724 365 . 41 Remotely . | . . . . . Salvage Created 1592 | 14 1096 349 . 133 Parts 89 | 4 62 23 . . Haulers Intercepted 2 | . 2 . . . Recyclers Shooed 4 | . 4 . . . Parts Field Recycled . | . . . . . Retrieved Matter . | . . . . . Parts Self-Destructed . | . . . . . Prevented . | . . . . . Parts Restored . | . . . . . Kills | -11 -10 -10 -10 -9 ------- Run | Yrd Mat Min Exi Min Combat Hostiles Destroyed 37 | . 15 13 . 9 Guns 36 | . 15 12 . 9 Cannons 1 | . . 1 . . Classes Destroyed 10 | 1 8 . . 1 Worker 3 | . 3 . . . Builder 2 | . 2 . . . Tunneler 3 | 1 1 1 . . Hauler 2 | . 2 . . . Recycler 3 | . 3 . . . Operator 1 | . 1 . . . Watcher 2 | . 2 . . . Swarmer 9 | . 3 6 . . Grunt 19 | . 12 7 . . Assembled 9 | . . . . 9 Best Kill Streak 7 | 1 5 3 . 7 Combat Bots Only 7 | . 3 3 . 7 Max Kills in Single Turn 1 | 1 1 1 . 1 Gunslinging . | . . . . . Exploded . | . . . . . Melee . | . . . . . Uniques/NPCs Destroyed . | . . . . . Combat | -11 -10 -10 -10 -9 -------- Run | Yrd Mat Min Exi Min Hostile Shots Fired 187 | . 94 67 . 26 Missed 42 | . 22 18 . 2 Hits 145 | . 72 49 . 24 Melee 5 | . . . . 5 Projectile 140 | . 72 49 . 19 Critical Strikes 3 | . 2 1 . . Damage Taken 1760 | . 853 501 . 406 Core 251 | . 123 80 . 48 Absorbed by Shields . | . . . . . Core Remaining (%) 100 | 100 . . . . Volleys Fired 168 | 1 104 53 . 10 Largest 2 | 2 2 2 . 2 Hottest 115 | 40 60 115 . 115 Shots Fired 362 | 2 208 101 . 51 Gun 356 | 2 208 95 . 51 Cannon . | . . . . . Launcher . | . . . . . Special 6 | . . 6 . . Kinetic 299 | 2 186 79 . 32 Thermal 63 | . 22 22 . 19 Explosive . | . . . . . Electromagnetic . | . . . . . Robot Hit Streak 14 | 2 11 14 . 10 Robot Miss Streak 5 | . 5 3 . 4 Penetration Max . | . . . . . Secondary Targets 3 | . 1 2 . . Max Gunslinging Chain 1 | . 1 1 . . Autonomous 33 | . . . . 33 Shots Hit Robots 213 | 2 133 50 . 28 Core Hits 91 | 1 55 23 . 12 Critical Kills . | . . . . . Critical Parts Destroyed 4 | . 1 2 . 1 Critical Strikes 5 | . 1 2 . 2 Burn 1 | . . . . 1 Destroy 4 | . 1 2 . 1 Melee Attacks . | . . . . . Impact . | . . . . . Slashing . | . . . . . Piercing . | . . . . . Sneak Attacks . | . . . . . Combat Hostiles . | . . . . . Follow-up Attacks . | . . . . . Damage Inflicted 2972 | 28 1683 629 . 632 Guns 2894 | 28 1683 551 . 632 Cannons . | . . . . . Explosions . | . . . . . Melee . | . . . . . Ramming 10 | . . 10 . . Kinetic 2613 | 28 1539 539 . 507 Thermal 349 | . 144 80 . 125 Explosive . | . . . . . Electromagnetic . | . . . . . Impact . | . . . . . Slashing . | . . . . . Piercing . | . . . . . Highest Corruption 7 | . 2 2 2 7 Average Corruption 2 | . 2 2 2 2 Corruption Purged . | . . . . . Corruption Blocked . | . . . . . Effects 31 | . 7 19 4 1 Message Errors 11 | . 2 8 1 . Matter Fused 7 | . 1 6 . . Heat Flow Errors 3 | . 1 . 1 1 Energy Discharges 5 | . 1 3 1 . Parts Fused 1 | . . 1 . . Data Loss (minor) 1 | . . . 1 . Data Loss (major) 2 | . 2 . . . Misfires 1 | . . 1 . . Overload Shots . | . . . . . Overflow Damage . | . . . . . Projectiles . | . . . . . Explosions . | . . . . . Melee . | . . . . . Knockbacks . | . . . . . Impact . | . . . . . Kinetic . | . . . . . Secondary . | . . . . . Self-Inflicted Damage . | . . . . . Shots . | . . . . . Rammed 1 | . . 1 . . Targets Rammed 1 | . . 1 . . Kicked . | . . . . . Crushed . | . . . . . Highest Temperature 324 | . 93 324 211 195 Average Temperature 75 | . 23 95 109 96 Received Heat Transfer 662 | . 435 207 . 20 Effects 1 | . . 1 . . Energy Bleed 1 | . . 1 . . Siege Activations . | . . . . . Martial Activations . | . . . . . Shielding Activations . | . . . . . Robots Disrupted . | . . . . . Combat Hostiles . | . . . . . Robots Corrupted . | . . . . . Combat Hostiles . | . . . . . Parts Fried . | . . . . . Impact Corruptions . | . . . . . Robots Melted . | . . . . . Combat Hostiles . | . . . . . Parts Melted . | . . . . . Heat Transferred 1249 | . 325 517 . 407 Parts Sabotaged . | . . . . . Parts Stolen . | . . . . . Parts Stripped . | . . . . . Power Chain Reactions . | . . . . . Alert | -11 -10 -10 -10 -9 ------- Run | Yrd Mat Min Exi Min Maximum Alert Level . | . . . . . Low Security (%) 100 | 100 100 100 . 100 Level 1 . | . . . . . Level 2 . | . . . . . Level 3 . | . . . . . Level 4 . | . . . . . Level 5 . | . . . . . High Security . | . . . . . Max Security . | . . . . . Peak Influence 148 | 5 148 130 . 15 Initial . | . . . . . Average 38 | 1 50 29 . 1 Influence Increases 892 | 5 485 379 . 23 Destroy 0b10 Robot/C 640 | . 300 340 . . Destroy 0b10 Robot/NC 80 | 5 70 5 . . Destroy Leader 108 | . 78 30 . . Allied During Kill 4 | . . 4 . . Successful Hack 20 | . 20 . . . Disable Machine 15 | . 15 . . . Destroy Structure 25 | . 2 . . 23 Influence Decreases 892 | 5 485 286 93 23 Entered New Map 93 | . . . 93 . Time Decay 728 | 5 465 245 . 13 Lost Part 51 | . 20 21 . 10 Lost Ally 20 | . . 20 . . Squads Dispatched 3 | . 3 . . . Investigation 2 | . 2 . . . Extermination . | . . . . . Reinforcement 1 | . 1 . . . Assault . | . . . . . Garrison . | . . . . . Intercept . | . . . . . Searches Triggered . | . . . . . Construction Impeded . | . . . . . Haulers Reinforced . | . . . . . Active Scanning Responses . | . . . . . Cargo Convoy Interrupts . | . . . . . Stealth | -11 -10 -10 -10 -9 --------- Run | Yrd Mat Min Exi Min Distress Signals 1 | . . . . 1 Communications Jammed . | . . . . . Distress Signals . | . . . . . Times Spotted 54 | . 29 15 . 10 Peak Tracking Total 8 | . 5 3 . 8 Tactical Retreats 1 | . . . . 1 Traps | -11 -10 -10 -10 -9 ------- Run | Yrd Mat Min Exi Min Traps Triggered 3 | . 3 . . . Indirectly . | . . . . . Trap Hack Attempts . | . . . . . Triggered . | . . . . . Disarmed . | . . . . . Reprogrammed . | . . . . . Reused . | . . . . . Traps Extracted . | . . . . . Installed . | . . . . . Triggered . | . . . . . Machines | -11 -10 -10 -10 -9 ---------- Run | Yrd Mat Min Exi Min Machines Disabled 2 | . 1 . . 1 Max in Single Turn 1 | . 1 . . 1 Machines Repaired . | . . . . . Machines Dismantled . | . . . . . Machines Sabotaged . | . . . . . Overloaded Fab Kills . | . . . . . Hacking | -11 -10 -10 -10 -9 --------- Run | Yrd Mat Min Exi Min Machines Accessed 8 | . 6 . 2 . Terminals 6 | . 6 . . . Fabricators . | . . . . . Repair Stations . | . . . . . Recycling Units . | . . . . . Scanalyzers . | . . . . . Garrison Access . | . . . . . Total Hacks 18 | . 16 . 2 . Successful 11 | . 9 . 2 . Failed 7 | . 7 . . . Catastrophic . | . . . . . Database Lockouts . | . . . . . Manual 15 | . 14 . 1 . Terminals 16 | . 16 . . . Fabricators . | . . . . . Repair Stations . | . . . . . Recycling Units . | . . . . . Scanalyzers . | . . . . . Garrison Access . | . . . . . Terminal Hacks 3 | . 1 . 2 . Record 1 | . . . 1 . Hauler Manifests 1 | . 1 . . . Proto ID Catalog 1 | . . . 1 . Fabricator Hacks . | . . . . . Repair Station Hacks . | . . . . . Recycling Unit Hacks . | . . . . . Scanalyzer . | . . . . . Garrison Access Hacks . | . . . . . Unauthorized Hacks 8 | . 8 . . . Terminals 8 | . 8 . . . Botnet 3 | . 3 . . . Skim 5 | . 5 . . . Fabricators . | . . . . . Repair Stations . | . . . . . Recycling Units . | . . . . . Scanalyzers . | . . . . . Garrison Access . | . . . . . Data Cores Recovered . | . . . . . Used . | . . . . . Hacking Detections 6 | . 6 . . . Full Trace Events . | . . . . . Feedback Events . | . . . . . Feedback Blocked . | . . . . . Robot Schematics Acquired . | . . . . . Robots Built . | . . . . . Authchips . | . . . . . Time . | . . . . . Total Robot Build Rating . | . . . . . Part Schematics Acquired . | . . . . . Parts Built . | . . . . . Authchips . | . . . . . Time . | . . . . . Total Part Build Rating . | . . . . . Part Studies Acquired . | . . . . . Parts Repaired . | . . . . . Time . | . . . . . Parts Recycled . | . . . . . Recycled Matter . | . . . . . Retrieved Matter . | . . . . . Retrieved Components . | . . . . . Parts Scanalyzed . | . . . . . Part Schematics Acquired . | . . . . . Parts Damaged . | . . . . . Bothacking | -11 -10 -10 -10 -9 ------------ Run | Yrd Mat Min Exi Min Used RIF Installer . | . . . . . Robots Hacked . | . . . . . Non-combat . | . . . . . Combat . | . . . . . Robot Hacks Applied . | . . . . . Relay Couplers Released . | . . . . . Fabnet Peak Effective % . | . . . . . Robots Rewired . | . . . . . Allies Hacked . | . . . . . Hacks Repelled . | . . . . . Allies | -11 -10 -10 -10 -9 -------- Run | Yrd Mat Min Exi Min Total Allies 1 | . . 1 . . Largest Group 1 | . . 1 . . Highest-Rated Group 31 | . . 31 . . Highest-Rated Ally 31 | . . 31 . . Total Orders . | . . . . . Ally Attacks 15 | . . 15 . . Total Damage 145 | . . 145 . . Kills 5 | . . 5 . . Allies Corrupted . | . . . . . Allies Melted . | . . . . . Intel | -11 -10 -10 -10 -9 ------- Run | Yrd Mat Min Exi Min Active Infowar (turns) 3631 | . 1565 1617 339 110 Structural 2952 | . 1301 1202 339 110 Seismic 679 | . 264 415 . . Robot Analysis Total . | . . . . . Derelict Logs Recovered 1 | . . 1 . . Drone Launches . | . . . . . Drone Recoveries . | . . . . . Exploration | -11 -10 -10 -10 -9 ------------- Run | Yrd Mat Min Exi Min Turns Passed 3981 | 88 1793 1651 339 110 Spaces Moved 1601 | 56 728 558 211 48 Core 19 | 19 . . . . Treads 1582 | 37 728 558 211 48 Legs . | . . . . . Wheels . | . . . . . Hover . | . . . . . Flight . | . . . . . Fastest Speed 50 | 50 160 160 160 160 Average Speed 158 | 122 160 160 160 160 Slowest Speed 160 | 160 160 160 160 160 Overloaded Moves . | . . . . . Propulsion Burnouts . | . . . . . Robots Hopped . | . . . . . Potential Cave-ins . | . . . . . Cave-ins Triggered . | . . . . . Exploration Rate (%) 50 | 4 84 90 60 14 Regions Visited 4 Branch Regions 3 Pre-discovered Areas 4 | . 3 . 1 . Known Exits Taken 2 | . 1 . 1 . Unknown Exits Taken 2 | 1 . 1 . . Scrap Searched 1 | . . 1 . . Spaces Dug . | . . . . . Terrain Destroyed 32 | . . . . 32 Melee . | . . . . . Projectile 32 | . . . . 32 AOE . | . . . . . Terrain Rammed . | . . . . . Walls Destroyed . | . . . . . Machines Disabled . | . . . . . Actions | -11 -10 -10 -10 -9 --------- Run | Yrd Mat Min Exi Min Total 2710 | 73 1152 1209 213 63 Wait 860 | . 281 578 . 1 Move 1597 | 55 727 557 210 48 Hop . | . . . . . Pick Up 34 | 11 18 4 1 . Fast Attach 1 | . 1 . . . Attach 16 | 6 3 3 1 3 Detach 1 | . . 1 . . Swap 15 | . 7 8 . . Drop 17 | . 11 4 1 1 Fire 168 | 1 104 53 . 10 Melee . | . . . . . Ram . | . . . . . Kick . | . . . . . Crush 1 | . . 1 . . Escape Stasis . | . . . . . Rewire . | . . . . . Trap . | . . . . . Miscellaneous . | . . . . . Route ------- -11/Scrapyard -10/Materials (discovered 6 exits: *Mat x3 / *Min x2 / Sub) -10/Mines (discovered 4 exits: *Mat x2 / *Exi / *Sub) -10/Exiles (discovered 2 exits: *Min x2) -9/Mines History --------- Turn | Location | Event 10 | -11/Scrapyard | Discovered new exit (range 16) 89 | -11/Scrapyard | Entered Materials 233 | -10/Materials | Discovered new exit (range 8) 338 | -10/Materials | Build established: Mutant 858 | -10/Materials | Discovered new exit (range 16) 1313 | -10/Materials | Learned location of Recycling (-9) 1358 | -10/Materials | Learned location of 2 exits from Mines 1395 | -10/Materials | Learned location of Mines (-9) 1420 | -10/Materials | Learned 2 Storage zone layouts 1425 | -10/Materials | Discovered new exit (range 10) 1434 | -10/Materials | Identified exit to Mines 1450 | -10/Materials | Identified exit to Subcaves 1450 | -10/Materials | Identified exit to Materials 1503 | -10/Materials | Learned 4 Subcaves zone layouts 1882 | -10/Materials | Entered Mines 1899 | -10/Mines | Met a Derelict bent on vengeance 1946 | -10/Mines | Core integrity fell below 50% 1967 | -10/Mines | Escorted by a lone wolf Derelict 2161 | -10/Mines | Excavation squad dispatched 2161 | -10/Mines | A large section of the Mines collapsed 2411 | -10/Mines | Excavation squad dispatched 2661 | -10/Mines | Excavation squad dispatched 2922 | -10/Mines | A weapon hastily lodged in a ceiling crevice suddenly fell to the ground 3338 | -10/Mines | Core integrity fell below 20% 3495 | -10/Mines | Discovered exit to Materials (range 15) 3524 | -10/Mines | Deemed a non-threat by the Exiles lab entrance 3524 | -10/Mines | Discovered new exit (range 5) 3533 | -10/Mines | Entered Exiles 3534 | -10/Exiles | Identified exit to Mines 3572 | -10/Exiles | Met 8R-AWN 3599 | -10/Exiles | Met EX-HEX 3650 | -10/Exiles | Met EX-BIN 3669 | -10/Exiles | Aligned with FarCom system 3671 | -10/Exiles | Given EX-Vault access code 3709 | -10/Exiles | Opened EX-Vault 3720 | -10/Exiles | Found AWS/Gauss 3755 | -10/Exiles | Warned to stay clear of 0b10 Research branches 3800 | -10/Exiles | Met EX-DEC 3806 | -10/Exiles | Learned location of Zion (-7) 3872 | -10/Exiles | Left Exiles lab with AWS/Gauss 3872 | -10/Exiles | Entered Mines 3873 | -9/Mines | Assembled infested the area 3928 | -9/Mines | AWS/Gauss suddenly broke down 3944 | -9/Mines | Destroyed 7 combat bots 3982 | -9/Mines | Destroyed by as-66817 with Assembled Maul Last Messages --------------- as-62443 destroyed. Slug penetrates Wall. Slug penetrates as-32380. Slug penetrates Wall. Slug penetrates as-76688. Slug penetrates as-32380. as-32380 destroyed. AWS/Gauss suddenly breaks down. Lgt. Angular Momentum Engine destroyed. Dropped Broken AWS/Gauss. as-76688 destroyed. Acquired 11 matter. as-21451 destroyed. Acquired 13 matter. Acquired 17 matter. as-66817 suffers critical hit (Burn). Med. Laser destroyed. Lgt. Treads destroyed. System corrupted by crushing effect (+3). System corrupted by crushing effect (+2). Map ----- +----------------------------------------------------+ | ????????????????????????????????????????? | | ????????????????????????????????????????? | | ????????????????????????????????????????? | | ????????????????????????????????????????? | | ????????????????????????????????????????? | | ????????????????????????????????????????? | | ????????????????????????????????????????? | | ????????????????????????????????????????? | | ????????????????????????????????????????? | | ???????????????????ss???????????????????? | | ?????????????????? ???????????????????? | | ?????????????????? ???????????????????? | | ?????????????????? ???????????????????? | | ??????????????????? "??????????????????? | | ??????????????????? ??????????????????? | | ?????????????????? ?????????????????? | | ??????????#######?## #####??????????????? | | ???????############# #####??????????????? | | ???????##### ##### ??????????????? | | ???????## #### ????????????????? | | ??????? # ### ##????????????????? | | ??##"?? " ##" ####??????????????? | | ??##"?? " ## ####??????????????? | | ?? ;" #X # ##??????????????? | | ????; ;; ; % % ##??????????????? | | ????####### a@ ##??????????????? | | ??####; % ;; ####??????????????? | | #### ; ;;;; #####??????????????? | | ## ; % ;###[#####????????????????? | | # # # #### ######???????????????? | | ??###;;## % ##### ######???????????????? | | ???#####; ;;##### ##???????????????? | | ???#### # ;########## ##???????????????? | | ?????###; !########### ##???????????????? | | ?????## %!% ##???????????????????????? | | ?????## !""" ##???????????????????????? | | ?????## """ ##???????????????????????? | | ?????## """ ??????????????????????? | | ?????## !%= ????????????????????? | | ?????## =* # ###????????????????????? | | ?????########### ###????????????????????? | | ?????########### ???????????????????????? | | ????????????????????????????????????????? | | ????????????????????????????????????????? | | ????????????????????????????????????????? | | ????????????????????????????????????????? | | ????????????????????????????????????????? | | ????????????????????????????????????????? | | ????????????????????????????????????????? | | ????????????????????????????????????????? | +----------------------------------------------------+ Best States ------------- Heat Dissipation 25 Energy Generation 18 Energy Capacity 250 Matter Stores 300 Matter Capacity 300 Sight Range 16 Terrain Scan Density 10 Evasion (%) 50 Recoil Reduction 2 Item Schematics ----------------- None Robot Schematics ------------------ None Fabricated ------------ Nothing Repaired ---------- Nothing Studied --------- None Alien Tech Used ----------------- None Achievements -------------- None Challenges ------------ None Game ------ Seed MagneticTiamatScythe Manual? 0 Play Time 00:22:10 Cumulative 328.0 hours Start 2025.10.30 @ 12:21:26 End 2025.10.30 @ 16:40:42 Sessions 2 Manual Loads 0 Difficulty Rogue Special Mode None Game No. 247 Rogue 247 Adventurer 0 Explorer 0 Win Type - Total 25 Types 12/1/7/2/1/0/0/1/0/1 Lore% 94 Gallery% 88 Achievement% 60 Wizard Run 0 Options --------- Layout 1 ASCII 0 Keyboard 0 Movement Numpad Keybinds 0 Fullscreen 1 Font 24/Proggy Map View 50x35 Zoom Use 0% Tactical HUD 0 Map Filters NONE Filters NONE Steam 1 RUN: 2134a1c2-3c52-47fb-a42f-7790f6cf85c9